 Dungeon Crawl Stone Soup version 0.22-a0-776-ge6d7efa (webtiles) character file.

69 Gildeon the Sneak (level 4, -2/39 HPs)
             Began as a Naga Warper on July 18, 2018.
             Slain by Crazy Yiuf
             ... wielding a +3 quarterstaff of chaos
              (7 damage)
             ... on level 2 of the Dungeon.
             The game lasted 00:09:47 (3413 turns).

Gildeon the Sneak (Naga Warper)                     Turns: 3413, Time: 00:09:47

Health: -2/39      AC:  2    Str: 14    XL:     4   Next: 20%
Magic:  8/8        EV:  9    Int: 19    God:
Gold:   59         SH:  0    Dex: 10    Spells: 1/8 levels left

rFire    . . .     SeeInvis +   a - +0 spear
rCold    + . .     Gourm    .   (no shield)
rNeg     . . .     Faith    .   b - +0 leather armour
rPois    +         Spirit   .   (no helmet)
rElec    .         Reflect  .   (no cloak)
rCorr    .         Harm     .   (no gloves)
MR       .....                  (no barding)
Stlth    ++........             (no amulet)
HPRegen  0.13/turn              h - ring of protection from cold
MPRegen  0.11/turn              (no ring)

@: brilliant, very slightly contaminated, invisible, very slow
A: large, see invisible, deformed body, poison resistance, slowness 2, slow
metabolism 1, spit poison 1, AC +1
a: Spit Poison


You were on level 2 of the Dungeon.
You were not hungry.

You visited 1 branch of the dungeon, and saw 2 of its levels.

You collected 59 gold pieces.

Inventory:

Hand Weapons
 a - a +0 spear (weapon)
Missiles
 e - 5 tomahawks of dispersal (quivered)
Armour
 b - a +0 leather armour (worn)
Jewellery
 h - a ring of protection from cold (left hand)
Scrolls
 d - 2 scrolls of blinking
 i - 2 scrolls of teleportation
 k - 2 scrolls of remove curse
 l - a scroll of fear {unknown}
 m - a scroll of enchant weapon {unknown}
 n - a scroll of immolation {unknown}
 o - a scroll of identify {unknown}
 r - a scroll of amnesia {unknown}
Potions
 c - a potion of lignification
 g - a potion of invisibility {unknown}
 j - 5 potions of curing {unknown}
 q - a potion of brilliance
Comestibles
 f - a ration


   Skills:
 - Level 2.0 Fighting
 + Level 2.9 Polearms
 - Level 0.8 Throwing
 - Level 0.7 Armour
 - Level 1.5 Dodging
 + Level 3.3 Stealth
 + Level 2.7 Spellcasting
 - Level 3.0 Translocations


You had one spell level left.
You knew the following spells:

 Your Spells              Type           Power        Failure   Level  Hunger
a - Blink                 Tloc           N/A          1%          2    ##.....
b - Shroud of Golubria    Chrm/Tloc      ###.......   1%          2    ##.....
c - Gell's Gravitas       Tloc           ####......   2%          3    ###....

Your spell library contained the following spells:

 Spells                   Type           Power        Failure   Level  Hunger
 Teleport Other           Tloc           ####....     2%          3    ###....
 Passage of Golubria      Tloc           N/A          7%          4    ####...
 Lesser Beckoning         Tloc           ####......   2%          3    ###....


Dungeon Overview and Level Annotations

Branches:
Dungeon (2/15)

Altars:
Xom

Annotations:
D:2 Crazy Yiuf


Innate Abilities, Weirdness & Mutations

You cannot wear boots.
Your serpentine skin is tough. (AC +1)
You have supernaturally acute eyesight. (SInv)
Armour fits poorly on your strangely shaped body.
Your system is resistant to poisons. (rPois)
You cover ground very slowly.
You have a slow metabolism.
You can spit poison.


Message History

You closely miss Crazy Yiuf.
Crazy Yiuf is moderately wounded.
Crazy Yiuf closely misses you.
You hit Crazy Yiuf but do no damage.
Crazy Yiuf is moderately wounded.
You hit Crazy Yiuf.
Crazy Yiuf is heavily wounded.
Crazy Yiuf yells, "Cod rumpyflump Orb Guardian!"
Crazy Yiuf barely misses you.
You strike the helpless Crazy Yiuf from behind!
You hit Crazy Yiuf but do no damage.
Crazy Yiuf is heavily wounded.
You have got your breath back.
Crazy Yiuf twirls on the spot.
Crazy Yiuf hits you with a quarterstaff of chaos.
* * * LOW HITPOINT WARNING * * *
It was a potion of brilliance.
You feel clever all of a sudden.
Crazy Yiuf hits you with a quarterstaff of chaos!
You die...

#.......################
######.########## ####
#..........# #...
############ #.##
######.## #######........
### ###.#..#.........
#...##..#.#P..........
#...g@####PP.........>
#)..### ##P#......... ###
############ # #########
#################........
#........................
#.........###############
#.........#


You could see Crazy Yiuf.

Vanquished Creatures
  2 adders (D:2)
  2 worms (D:2)
  A leopard gecko (D:2)
  An orc (D:2)
  A giant cockroach (D:1)
  2 goblins
  7 hobgoblins
  3 jackals (D:2)
  3 ball pythons
  4 bats
  5 frilled lizards
  7 kobolds
  7 rats
  A fungus (D:2)
46 creatures vanquished.

Notes
Turn   | Place    | Note
-------+----------+-------------------------------------------
     0 | D:1      | Gildeon the Naga Warper began the quest for the Orb.
     0 | D:1      | Reached XP level 1. HP: 19/19 MP: 3/3
     2 | D:1      | Noticed a demonspawn
     2 | D:1      | Noticed a vine stalker
     4 | D:1      | Noticed a naga
     4 | D:1      | Noticed a felid
     6 | D:1      | Noticed an ogre
     6 | D:1      | Noticed a human
    11 | D:1      | Noticed a tengu
    13 | D:1      | Noticed a gargoyle
    13 | D:1      | Noticed a merfolk
    15 | D:1      | Noticed a halfling
    17 | D:1      | Noticed a vampire
    17 | D:1      | Noticed a dwarf
    19 | D:1      | Noticed a centaur
    19 | D:1      | Noticed a formicid
    21 | D:1      | Noticed a ghoul
    21 | D:1      | Noticed an elf
    23 | D:1      | Noticed a demigod
    23 | D:1      | Noticed a draconian
    25 | D:1      | Noticed a minotaur
    25 | D:1      | Noticed an octopode
    27 | D:1      | Noticed a troll
    27 | D:1      | Noticed a spriggan
   420 | D:1      | Reached skill level 1 in Stealth
   478 | D:1      | Reached XP level 2. HP: 8/26 MP: 5/5
  1675 | D:2      | Learned a level 2 spell: Blink
  1678 | D:2      | Learned a level 2 spell: Shroud of Golubria
  1742 | D:2      | Reached XP level 3. HP: 11/32 MP: 6/6
  2305 | D:2      | Found a shimmering altar of Xom.
  2855 | D:2      | Reached XP level 4. HP: 26/39 MP: 8/8
  2861 | D:2      | Learned a level 3 spell: Gell's Gravitas
  3399 | D:2      | Found a runed door.
  3403 | D:2      | Noticed Crazy Yiuf
  3413 | D:2      | Slain by Crazy Yiuf

Vault maps used:
D:1:      kb_arrival_jail
D:2:      nicolae_overflow_crystal_walls, uniq_crazy_yiuf_cottage

Skill      XL: |  1  2  3 |
---------------+----------+-----
Stealth        | 1 2 3 |  3.3
Fighting       | |  2.0
Polearms       | |  2.9
Throwing       | |  0.8
Armour         | |  0.7
Dodging        | |  1.5
Spellcasting   | |  2.7
Translocations | |  3.0

Action                   |  1- 3 |  4- 6 || total
-------------------------+-------+-------++-------
Melee: Spear             |   207 |    52 ||   259
 Abil: Spit Poison       |     2 |     2 ||     4
  Use: Scroll            |     2 |       ||     2
       Potion            |     1 |     1 ||     2
 Stab: Sleeping          |     2 |       ||     2
       Distracted        |     1 |       ||     1
       Invisible         |       |     2 ||     2
  Eat: Ration            |     1 |       ||     1
       Chunk             |     1 |     1 ||     2
Armor: Leather armour    |    29 |     3 ||    32
       Skin              |     4 |       ||     4
Dodge: Dodged            |    70 |    10 ||    80

Table legend:
 A = Spawn XP
 B = Non-spawn XP
 C = Spawn XP percentage of total XP
 D = Spawn monster count
 E = Non-spawn monster count
 F = Spawn count percentage of total count
 G = Total turns spent on level
                    A         B        C        D         E        F      G
               +---------+---------+-------+---------+---------+-------+---------
         Total |       0 |      99 |   0.0 |       0 |      45 |   0.0 |  3413
               +---------+---------+-------+---------+---------+-------+---------
           D:1 |       0 |      24 |   0.0 |       0 |      17 |   0.0 |  1544
           D:2 |       0 |      75 |   0.0 |       0 |      28 |   0.0 |  1869
               +---------+---------+-------+---------+---------+-------+---------
